 Dungeon Crawl Stone Soup version 0.28-a0-691-gad6df49e81 (webtiles) character file.

Game seed: 14766449865956003692

25 cheechan the Chopper (level 3, -15/34 HPs)
             Began as a Naga Chaos Knight on Oct 22, 2021.
             Was a Plaything of Xom.
             Demolished by a gnoll (16 damage)
             ... on level 3 of the Dungeon.
             The game lasted 00:03:09 (1059 turns).

cheechan the Chopper (Naga Chaos Knight)            Turns: 1059, Time: 00:03:10

Health: -15/34     AC:  4    Str: 15    XL:     3   Next: 6%
Magic:  3/3        EV:  8    Int: 12    God:    Xom [*.....]
Gold:   21         SH:  3    Dex: 10    Spells: 2/2 levels left

rFire   . . .      SeeInvis +   a - +0 hand axe (chaos)
rCold   . . .      Faith    .   g - +0 buckler
rNeg    . . .      Spirit   .   b - +2 leather armour
rPois   +          Reflect  .   (no helmet)
rElec   .          Harm     .   (no cloak)
rCorr   +          Rampage  .   (no gloves)
Will    .....                   (no barding)
Stlth   +.........              (no amulet)
HPRegen 0.11/turn               k - ring of resist corrosion
MPRegen 0.08/turn               (no ring)

@: very slow
A: AC +1, large, see invisible, deformed body, poison resistance, slowness 2,
spit poison 1, naga tail 1
a: Spit Poison, Renounce Religion


You were on level 3 of the Dungeon.
You worshipped Xom.
You were a special plaything of Xom.
You visited 1 branch of the dungeon, and saw 3 of its levels.

You collected 21 gold pieces.

Inventory:

Hand Weapons
 a - a +0 hand axe of chaos (weapon)
 l - a +0 longbow
Missiles
 c - 21 stones
 d - 10 sling bullets
 e - 26 bolts
 h - 54 arrows
 m - 2 throwing nets
Armour
 b - a +2 leather armour (worn)
 g - a +0 buckler (worn)
Jewellery
 k - a ring of resist corrosion (left hand)
Scrolls
 j - a scroll of fog {unknown}
Potions
 f - a potion of curing {unknown}
 i - a potion of heal wounds {unknown}


   Skills:
 + Level 3.3 Fighting
 + Level 3.6 Axes
 + Level 1.7 Armour
 + Level 0.9 Dodging


You had 2 spell levels left.
You didn't know any spells.
Your spell library contained the following spells:

 Spells                   Type           Power      Damage    Failure   Level
 Corpse Rot               Necr/Air       0%         N/A       71%         2
 Poisonous Vapours        Pois/Air       0%         N/A       71%         2


Dungeon Overview and Level Annotations

Branches:
Dungeon (3/15)

Altars:


Innate Abilities, Weirdness & Mutations

Your serpentine skin is tough. (AC +1)
You have supernaturally acute eyesight. (SInv)
Armour fits poorly on your strangely shaped body.
Your system is resistant to poisons. (rPois)
You cover ground very slowly.
You can spit poison.
You have a snake-like lower body.


Message History

A quokka comes into view.
The quokka bites you but does no damage.
The quokka bites you.
You hit the quokka. You drain the quokka.
You kill the quokka!
A gnoll comes into view. It is wielding a +0 club.
The gnoll shouts!
A gnoll comes into view.
It is wielding a +1 flail of holy wrath.
The gnoll shouts!
A gnoll comes into view. It is wielding a +0 flail.
A gnoll comes into view. It is wielding a +0 club.
The gnoll moves out of view.
The gnoll shouts!
The gnoll hits you with a +0 club.
The gnoll hits you with a +1 flail of holy wrath.
The gnoll closely misses you. The gnoll completely misses you.
There is a stone staircase leading down here.
You can't go up here!
The gnoll hits you with a +1 flail of holy wrath!
A shower of butterflies erupts from you!
You climb downwards.
Your summoned allies are left behind.
There is a stone staircase leading up here.
You hit the gnoll.
The gnoll is moderately wounded.
The gnoll closely misses you.
You hit the gnoll.
The gnoll is heavily wounded.
The gnoll hits you with a +1 flail of holy wrath.
You hit the gnoll.
The gnoll goes berserk!
Xom is mildly amused.
The gnoll is severely wounded.
The gnoll hits you with a +1 flail of holy wrath! x2
* * * LOW HITPOINT WARNING * * *
You closely miss the gnoll.
The gnoll is severely wounded.
The gnoll completely misses you.
The gnoll hits you with a +1 flail of holy wrath!
You die...
Xom roars with laughter!

#...# #...#
#...### #.....
#
#####....###.#
.............##
......g.......#
.......@......#
#####....###..#
#......
#...#### #...#
#...# ##.## #.


You could see a gnoll (berserk).

Vanquished Creatures
  A dart slug (D:1)
  2 ball pythons (D:1)
  2 endoplasms (D:1)
  3 goblins
  2 hobgoblins (D:1)
  2 quokkas
  3 bats (D:1)
  A frilled lizard (D:1)
  2 kobolds
  5 rats (D:1)
23 creatures vanquished.

Notes
Turn   | Place    | Note
-------+----------+-------------------------------------------
     0 | D:1      | cheechan the Naga Chaos Knight began the quest for the Orb.
     0 | D:1      | Reached XP level 1. HP: 21/21 MP: 1/1
    96 | D:1      | XOM: smoke on damage
   152 | D:1      | XOM: silly message
   194 | D:1      | Reached XP level 2. HP: 28/28 MP: 2/2
   532 | D:1      | Found a faded altar of an unknown god.
   864 | D:2      | Reached XP level 3. HP: 22/34 MP: 3/3
  1054 | D:2      | XOM: butterfly on damage
  1058 | D:3      | HP: 1/34 [gnoll (14)]
  1059 | D:3      | Demolished by a gnoll

Illustrated notes

Levels and vault maps discovered:
D:1:      minmay_arrival_hallway, layout_rooms,
          shapermc_ecumenical_altar_pompeii
D:2:      layout_basic, basic_altar
D:3:      layout_loops_cross, nrook_loot_triangle, minmay_distorted, uniq_ijyb,
          uniq_grinder, uniq_jessica

Action                   || total
-------------------------++-------
Melee: Hand axe          ||    60
Armor: Leather armour    ||    30
Dodge: Dodged            ||    33
Block: Buckler           ||     5

Table legend: (Time is in decaauts)
 A = Elapsed time spent in this place.
 B = Non-inter-level travel time spent in this place.
 C = Inter-level travel time spent in this place.
 D = Time resting spent in this place.
 E = Time spent auto-exploring this place.
 F = Levels seen in this place.
 G = Mean time per level.
                   A        B        C        D        E       F      G
               +--------+--------+--------+--------+--------+-----+--------+
         Total |   1375 |   1375 |      0 |    203 |      0 |   3 |  458.3 |
       Dungeon |   1375 |   1375 |      0 |    203 |      0 |   3 |  458.3 |
               +--------+--------+--------+--------+--------+-----+--------+

Top non-repeatable levels by time:
     D:1: 852 daAuts
     D:2: 519 daAuts
     D:3: 4 daAuts
